 Dungeon Crawl Stone Soup version 0.30-a0-1070-gd49b78fada (webtiles) character file.

Game seed: 13507705877890598363

1175 Lavandula the Tainter (level 8, 0/93 HPs)
             Began as a Naga Venom Mage on Apr 13, 2023.
             Was an Initiate of Ru.
             Slain by an elf zombie (1 damage)
             ... in an ossuary.
             The game lasted 00:17:16 (5299 turns).

Lavandula the Tainter (Naga Venom Mage)             Turns: 5299, Time: 00:17:17

Health: 0/93       AC: 24    Str: 11    XL:     8   Next: 41%
Magic:  10/14      EV:  1    Int: 17    God:    Ru [......]
Gold:   2          SH:  0    Dex: 12    Spells: 6/15 levels left

rFire   . . .      SeeInvis +      - Unarmed
rCold   . . .      Faith    .    (no shield)
rNeg    . . .      Spirit   .    a - melded +0 robe
rPois   +          Reflect  .    (helmet currently unavailable)
rElec   .          Rampage  .    (cloak currently unavailable)
rCorr   .          NoTele   +    d - melded +2 pair of gloves
Will    +....                    (no barding)
Stlth   ++                       (no amulet)
HPRegen 0.35/turn                (no ring)
MPRegen 0.14/turn                (no ring)

@: mighty, tree-form, marked, studying Shields
A: stationary, stasis, torment immunity, boosted hp, AC +2, large, see
invisible, (deformed body), (poison resistance), (slowness 2), spit poison 1,
(naga tail 1)
a: Spit Poison, Renounce Religion


You were in an ossuary.
You worshipped Ru.
Ru was noncommittal.
You were a tree.
You visited 2 branches of the dungeon, and saw 6 of its levels.
You also visited: Ossuary.

You collected 233 gold pieces.
You spent 231 gold pieces at shops.

Inventory:

Armour
 a - a +0 robe (melded)
 d - a +2 pair of gloves (melded)
Wands
 s - a wand of polymorph (6)
Scrolls
 f - a scroll of blinking
 g - 2 scrolls of amnesia
 h - a scroll of magic mapping
 k - 4 scrolls of teleportation
 l - a scroll of poison {unknown}
 n - 2 scrolls of fear
 u - a scroll of enchant weapon {unknown}
 x - a scroll of fog
Potions
 b - a potion of magic
 e - a potion of lignification
 i - 3 potions of might
 j - a potion of berserk rage {unknown}
 m - a potion of degeneration
 o - 2 potions of attraction
 p - a potion of haste {unknown}
 q - a potion of resistance
 r - a potion of flight {unknown}
 w - a potion of mutation {unknown}


   Skills:
 - Level 1.5 Dodging
 - Level 3.0 Stealth
 - Level 7.0 Unarmed Combat
 + Level 4.1 Spellcasting
 - Level 1.0 Transmutations
 - Level 8.0 Poison Magic


You had 6 spell levels left.
You knew the following spells:

 Your Spells              Type           Power      Damage    Failure   Level
a - Sting                 Tmut/Pois      72%        1d6       2%          1
b - Poisonous Vapours     Pois/Air       34%        N/A       4%          2
c - Mephitic Cloud        Conj/Pois/Air  12%        N/A       16%         3
d - Spider Form           Tmut/Pois      18%        N/A       8%          3

Your spell library contained the following spells:

 Spells                   Type           Power      Damage    Failure   Level
 Olgreb's Toxic Radiance  Pois           30%        N/A       5%          4
 Cigotuvi's Dreadful Rot  Necr/Pois/Air  24%        N/A       8%          2
 Beastly Appendage        Tmut           12%        N/A       11%         1
 Ignite Poison            Fire/Tmut/Pois 13%        N/A       14%         3
 Kiss of Death            Conj/Necr      12%        2d6       16%         1
 Wereblood                Tmut           6%         N/A       16%         2
 Confusing Touch          Hex            3%         N/A       43%         3
 Dispel Undead            Necr           3%         3d7       83%         4
 Simulacrum               Ice/Necr       1%         N/A       100%        6


Dungeon Overview and Level Annotations

Branches:
Dungeon (5/15)             Temple (1/1) D:4         Ossuary (1/1)

Altars:
Ashenzari
Cheibriados
Dithmenos
Elyvilon
Gozag
Hepliaklqana
Kikubaaqudgha
Okawaru
Qazlal
Ru
Sif Muna
Trog
Uskayaw
Vehumet
Wu Jian
Xom
Yredelemnul
Zin

Shops:
D:2 !   D:4 (

Annotations:
D:3 1 runed translucent door, MrZuerg's ghost, amateur MfGl
Temple 2 transporters


Innate Abilities, Weirdness & Mutations

You are a tree.
Your roots penetrate the ground, keeping you stationary.
You cannot be teleported.
You are immune to unholy pain and torment.
Your maximum health is greatly increased.
Your equipment is partially melded.
((Your serpentine skin is tough. (AC +2)))
You have supernaturally acute eyesight. (SInv)
((Armour fits poorly on your strangely shaped body.))
((Your system is resistant to poisons. (rPois)))
((You cover ground very slowly.))
You can spit poison.
((You have a snake-like lower body.))


Message History

The elf zombie hits you.
* * * LOW HITPOINT WARNING * * *
You smack the elf zombie!
The elf zombie is almost destroyed.
The elf zombie hits you but does no damage. x3
Unknown command.
You smack the elf zombie!
You destroy the elf zombie!
The elf zombie hits you but does no damage.
Unknown command.
You smack the elf zombie!
The elf zombie is severely damaged.
The elf zombie hits you but does no damage. x3
Unknown command.
You barely miss the elf zombie.
The elf zombie is severely damaged.
The hobgoblin zombie hits you but does no damage.
The elf zombie hits you.
* * * LOW HITPOINT WARNING * * *
The elf zombie completely misses you.
Unknown command.
You pummel the elf zombie!!
You destroy the elf zombie!
The elf zombie hits you but does no damage.
The hobgoblin zombie hits you.
* * * LOW HITPOINT WARNING * * *
The elf zombie hits you but does no damage.
Your Spellcasting skill increases to level 4!
You smack the elf zombie!
The elf zombie is lightly damaged.
The elf zombie hits you.
* * * LOW HITPOINT WARNING * * *
Unknown command.
You smack the elf zombie!
The elf zombie is moderately damaged.
The hobgoblin zombie hits you but does no damage.
The elf zombie hits you but does no damage.
The hobgoblin zombie hits you but does no damage.
The elf zombie hits you.
You die...

#...................
#....Z.Z.8..8.......
#......MZ...........
#...######..######..
#...# #.^# #.. #...#
#Z.# #.. #...# #.^#
#.. #.ZZ# .... #..
#.Z♣# ...## #..
#.Z.# ...# #.. #...#
....# #.. #...# #..
#...# #.. #...# #..
#...# #..
#...##############..
#...................


You could see 2 hobgoblin zombies and 2 elf zombies.

Vanquished Creatures
  A wyvern (D:5)
  A swamp drake (D:5)
  3 elf zombies (Ossuary)
  2 scorpions (D:4)
  A howler monkey (D:5)
  A centaur zombie (Ossuary)
  A hound (D:5)
  3 orc priests
  A sleepcap (D:5)
  A jelly (D:5)
  3 iguanas
  Jessica (D:2)
  2 orc wizards
  A mummy (Ossuary)
  9 adders
  A gnoll (D:1)
  A shadow imp (D:5)
  An ufetubus (D:4)
  An adder zombie (Ossuary)
  5 worms
  A dart slug (D:3)
  9 orcs
  4 ball pythons
  4 endoplasms
  A giant cockroach (D:1)
  5 goblins
  3 hobgoblins
  4 jackals (D:2)
  6 quokkas
  A bat (D:2)
  2 frilled lizards (D:3)
  15 hobgoblin zombies (Ossuary)
  A jackal zombie (Ossuary)
  A kobold (D:4)
  4 kobold zombies (Ossuary)
  3 orc zombies (Ossuary)
  8 rats
112 creatures vanquished.

Notes
Turn   | Place    | Note
-------+----------+-------------------------------------------
     0 | D:1      | Lavandula the Naga Venom Mage began the quest for the Orb.
     0 | D:1      | Reached XP level 1. HP: 15/15 MP: 3/3
    58 | D:1      | Reached skill level 1 in Unarmed Combat
    58 | D:1      | Reached XP level 2. HP: 22/22 MP: 5/5
    80 | D:1      | Learned a level 2 spell: Poisonous Vapours
   881 | D:2      | Reached XP level 3. HP: 18/28 MP: 1/6
   885 | D:2      | Learned a level 3 spell: Mephitic Cloud
  1278 | D:2      | Found Luer's Distillery.
  1347 | D:2      | Bought a potion of degeneration for 11 gold pieces
  1347 | D:2      | Bought a potion of curing for 33 gold pieces
  1531 | D:2      | Reached XP level 4. HP: 36/36 MP: 3/7
  1665 | D:2      | Noticed Jessica
  1670 | D:2      | Killed Jessica
  2208 | D:3      | Reached XP level 5. HP: 42/42 MP: 1/8
  2378 | D:3      | Found a shadowy altar of Dithmenos.
  2657 | D:3      | Found a basalt altar of Yredelemnul.
  2954 | D:3      | Found a faded altar of an unknown god.
  3024 | D:3      | Found a runed translucent door.
  3024 | D:3      | Noticed MrZuerg's ghost (amateur MfGl)
  3077 | D:3      | Reached skill level 5 in Unarmed Combat
  3202 | D:4      | Found an opulent altar of Gozag.
  3202 | D:4      | Found an ancient bone altar of Kikubaaqudgha.
  3340 | D:4      | Found Vucisef's Antique Weapon Emporium.
  3483 | D:4      | Found a staircase to the Ecumenical Temple.
  3495 | Temple   | Entered the Ecumenical Temple
  3495 | Temple   | Found a transporter.
  3495 | Temple   | Found a transporter.
  3499 | Temple   | Reached XP level 6. HP: 23/49 MP: 6/9
  3517 | Temple   | Found a transporter.
  3517 | Temple   | Found a transporter.
  3537 | Temple   | Became a worshipper of Ru the Awakened
  4258 | D:2      | Bought 2 potions of heal wounds for 110 gold pieces
  4258 | D:2      | Bought a potion of might for 44 gold pieces
  4258 | D:2      | Bought a potion of attraction for 33 gold pieces
  4352 | D:4      | Reached XP level 7. HP: 55/55 MP: 6/10
  4356 | D:4      | Learned a level 3 spell: Spider Form
  4519 | D:4      | Found an ornate altar of the Wu Jian Council.
  4545 | D:5      | Entered Level 5 of the Dungeon
  4566 | D:5      | Noticed a wyvern
  4584 | D:5      | Killed a wyvern
  4585 | D:5      | Reached skill level 5 in Poison Magic
  4593 | D:5      | Reached skill level 6 in Poison Magic
  4648 | D:5      | Found a hide-covered altar of Uskayaw.
  4648 | D:5      | Found a broken altar of Ashenzari.
  4834 | D:5      | Got the Incunabulum of Frosty Nausea
  4872 | D:5      | Reached skill level 7 in Poison Magic
  5033 | D:5      | Reached skill level 8 in Poison Magic
  5033 | D:5      | Reached XP level 8. HP: 50/62 MP: 11/11
  5067 | D:5      | Found a sand-covered staircase.
  5074 | Ossuary  | Entered an ossuary
  5292 | Ossuary  | HP: 4/93 [elf zombie (6)]
  5297 | Ossuary  | HP: 3/93 [hobgoblin zombie (2)]
  5298 | Ossuary  | HP: 1/93 [elf zombie (2)]
  5299 | Ossuary  | Slain by an elf zombie

Illustrated notes

Levels and vault maps discovered:
D:1:      ncdulo_halloftheorcs, layout_basic, nicolae_hexahallways,
          serial_park_tiny_2
D:2:      layout_loops_corners, serial_shops, shop, nicolae_wormholes,
          uniq_jessica
D:3:      layout_basic, old_standard_altar, yredelemnul_altar_generic,
          dreamdust_ecumenical_altar_grove, gammafunk_ghost_grave,
          minmay_misc_feat_five
D:4:      layout_basic, nzn_wu_jian_council_hall, jmf_multi_god_temple,
          minmay_temple_entry_crystal_x, serial_shops,
          nicolae_shop_competitors_out_of_business
D:5:      layout_rooms, nemelex_diamond_rough_becter,
          gammafunk_temple_overflow_pools, enter_ossuary_2, st_stairs_3,
          uniq_eustachio
Temple:   hellmonk_temple_divided_pantheon
Ossuary:  ossuary_tomb_1

Skill      XL: |  1  2  3  4  5  6  7  8 |
---------------+-------------------------+-----
Unarmed Combat | 1 2 3 4 5 7 |  7.0
Poison Magic   | 8 |  8.0
Spellcasting   | 4 |  4.1
Dodging        | |  1.5
Stealth        | |  3.0
Transmutations | |  1.0

Action                     |  1- 3 |  4- 6 |  7- 9 || total
---------------------------+-------+-------+-------++-------
  Melee: Unarmed           |    43 |    44 |   156 ||   243
         Punch             |       |     2 |     5 ||     7
   Cast: Sting             |    17 |    62 |    10 ||    89
         Poisonous Vapours |    16 |    13 |     4 ||    33
         Spider Form       |       |       |     6 ||     6
         Mephitic Cloud    |       |       |     1 ||     1
Ability: Spit Poison       |    14 |    29 |     6 ||    49
         End Transformatio |       |       |     1 ||     1
  Evoke: Wand              |       |       |     4 ||     4
    Use: Scroll            |       |       |    11 ||    11
         Potion            |       |       |     8 ||     8
   Stab: Sleeping          |       |       |     1 ||     1
 Armour: Robe              |     4 |    16 |    27 ||    47
         Skin              |       |       |    58 ||    58
  Dodge: Dodged            |    34 |    25 |   114 ||   173

Table legend: (Time is in decaauts)
 A = Elapsed time spent in this place.
 B = Non-inter-level travel time spent in this place.
 C = Inter-level travel time spent in this place.
 D = Time resting spent in this place.
 E = Time spent auto-exploring this place.
 F = Levels seen in this place.
 G = Mean time per level.
                   A        B        C        D        E       F      G
               +--------+--------+--------+--------+--------+-----+--------+
         Total |   6419 |   6167 |    252 |    423 |   4608 |   7 |  917.0 |
       Dungeon |   5958 |   5716 |    242 |    296 |   4608 |   5 | 1191.6 |
        Temple |    209 |    200 |      9 |    127 |      0 |   1 |  209.0 |
       Ossuary |    251 |    251 |      0 |      0 |      0 |   1 |  251.0 |
               +--------+--------+--------+--------+--------+-----+--------+

Top non-repeatable levels by time:
     D:2: 1708 daAuts
     D:4: 1361 daAuts
     D:3: 1238 daAuts
     D:1: 1074 daAuts
     D:5: 576 daAuts
 Ossuary: 251 daAuts
  Temple: 209 daAuts
